[ AOE2 MATCH · #469754671 ]
Team RMRomans vs Maya
[ REPLAY ANALYSIS · EXTRACTED FROM THE RECORDED GAME ]
Feudal
9:52
Castle
22:16
Imperial
—
| APM avg | 49.9 |
| APM peak | 98 |
| eAPM avg | 17.2 |
| Villagers / military | 65 / 54 |
Focus
⚔️ 27.9% · 🌾 72.1%
Militia ×53 · Mangonel ×1
Feudal
12:46
Castle
—
Imperial
—
| APM avg | 12.0 |
| APM peak | 43 |
| eAPM avg | 5.9 |
| Villagers / military | 23 / 1 |
Focus
⚔️ 14.7% · 🌾 85.3%
Archer ×1
Feudal
10:35
Castle
24:08
Imperial
—
| APM avg | 27.8 |
| APM peak | 58 |
| eAPM avg | 15.0 |
| Villagers / military | 40 / 7 |
Focus
⚔️ 14.8% · 🌾 85.2%
Scout Cavalry ×7
Feudal
12:22
Castle
—
Imperial
—
| APM avg | 35.6 |
| APM peak | 59 |
| eAPM avg | 21.3 |
| Villagers / military | 51 / 37 |
Focus
⚔️ 17.8% · 🌾 82.2%
Militia ×25 · Spearman ×12
Match map
Initial resources + every placement click. Lines = walls · curves = elevation contours. ◆ gold · ⬟ stone · ● berries · ✦ relic · ◌ wall gap
Your base· ✓ Closed at 22:16 · 15t walls · no gate
timborooni's base· Open — unwalled flank
Chebediah's base· Open — 1t gap
4:20 PoISoN MxC's base· Open — unwalled flank
Smoothed initial terrain · ◌ = detected wall gap · hover for details
Inputs per minute
— Ngak - - timborooni
Build order — Ngak
First 150 of 202 actions detected
| 0:00 | Create | Villager (Male) |
| 0:01 | Create | Villager (Male) |
| 0:02 | Build | House |
| 0:03 | Build | House |
| 0:20 | Create | Villager (Male) |
| 0:22 | Create | Villager (Male) |
| 1:20 | Create | Villager (Male) |
| 1:45 | Build | Lumber Camp |
| 1:46 | Create | Villager (Male) |
| 1:50 | Build | Lumber Camp |
| 2:21 | Create | Villager (Male) |
| 2:48 | Create | Villager (Male) |
| 2:52 | Create | Villager (Male) |
| 3:41 | Create | Villager (Male) |
| 3:48 | Build | House |
| 3:50 | Build | Mill |
| 4:01 | Create | Villager (Male) |
| 4:02 | Create | Villager (Male) |
| 5:36 | Create | Villager (Male) |
| 5:43 | Create | Villager (Male) |
| 5:43 | Create | Villager (Male) |
| 5:43 | Create | Villager (Male) |
| 5:44 | Create | Villager (Male) |
| 5:45 | Create | Villager (Male) |
| 6:05 | Create | Villager (Male) |
| 6:22 | Create | Villager (Male) |
| 6:32 | Build | House |
| 6:50 | Research | Loom |
| 7:18 | Build | Mining Camp |
| 7:19 | Create | Villager (Male) |
| 7:25 | Research | Feudal Age |
| 7:51 | Create | Villager (Male) |
| 7:51 | Create | Villager (Male) |
| 8:13 | Build | Barracks |
| 8:21 | Build | House |
| 8:27 | Build | Palisade Wall |
| 8:28 | Create | Villager (Male) |
| 8:40 | Create | Villager (Male) |
| 9:08 | Create | Militia |
| 9:09 | Create | Militia |
| 9:11 | Create | Villager (Male) |
| 9:33 | Create | Militia |
| 9:43 | Create | Militia |
| 9:52 | Age | Feudal Age |
| 9:54 | Build | Blacksmith |
| 9:57 | Research | Man-at-Arms (upgrade) |
| 10:12 | Create | Villager (Male) |
| 10:31 | Create | Villager (Male) |
| 10:37 | Research | Fletching |
| 10:39 | Research | Scale Mail Armor |
| 11:04 | Create | Villager (Male) |
| 11:05 | Create | Villager (Male) |
| 11:28 | Create | Villager (Male) |
| 11:30 | Create | Militia |
| 11:34 | Build | House |
| 11:36 | Build | Market |
| 11:39 | Build | House |
| 11:41 | Create | Villager (Male) |
| 12:33 | Build | House |
| 12:34 | Create | Villager (Male) |
| 12:36 | Build | Farm |
| 12:36 | Build | Farm |
| 12:36 | Build | Farm |
| 12:36 | Build | Farm |
| 12:39 | Build | Farm |
| 12:57 | Create | Militia |
| 13:24 | Create | Villager (Male) |
| 13:26 | Build | Farm |
| 13:27 | Build | Farm |
| 13:41 | Build | Farm |
| 14:01 | Build | Farm |
| 14:09 | Create | Villager (Male) |
| 14:10 | Research | Double-Bit Axe |
| 14:58 | Build | Farm |
| 15:00 | Build | Farm |
| 15:07 | Build | Farm |
| 15:08 | Create | Villager (Male) |
| 15:14 | Build | Farm |
| 15:15 | Create | Militia |
| 15:19 | Create | Militia |
| 15:34 | Create | Villager (Male) |
| 15:37 | Build | Farm |
| 15:38 | Create | Villager (Male) |
| 16:37 | Create | Villager (Male) |
| 16:39 | Create | Militia |
| 16:40 | Build | Farm |
| 16:41 | Build | Farm |
| 16:43 | Create | Villager (Male) |
| 16:47 | Create | Militia |
| 17:02 | Create | Villager (Male) |
| 17:11 | Build | House |
| 17:14 | Build | House |
| 17:15 | Build | House |
| 17:17 | Build | House |
| 17:49 | Create | Villager (Male) |
| 17:54 | Build | House |
| 17:57 | Build | House |
| 18:07 | Build | House |
| 18:09 | Build | House |
| 18:10 | Build | House |
| 18:13 | Build | House |
| 18:15 | Build | Palisade Wall |
| 18:19 | Build | Farm |
| 18:21 | Research | Horse Collar |
| 18:29 | Build | Lumber Camp |
| 18:37 | Build | Lumber Camp |
| 18:49 | Build | Farm |
| 19:32 | Build | Farm |
| 19:36 | Research | Castle Age |
| 19:37 | Create | Villager (Male) |
| 19:37 | Create | Villager (Male) |
| 20:09 | Build | Barracks |
| 20:51 | Build | Barracks |
| 20:57 | Research | Forging |
| 21:04 | Build | Farm |
| 21:06 | Build | Farm |
| 21:07 | Create | Villager (Male) |
| 21:11 | Create | Militia |
| 21:12 | Create | Militia |
| 21:12 | Create | Militia |
| 21:12 | Create | Militia |
| 21:16 | Create | Militia |
| 21:16 | Create | Militia |
| 21:37 | Build | Farm |
| 21:41 | Create | Villager (Male) |
| 21:42 | Research | Wheelbarrow |
| 21:47 | Create | Villager (Male) |
| 21:47 | Create | Villager (Male) |
| 22:16 | Age | Castle Age |
| 22:17 | Research | Long Swordsman (upgrade) |
| 22:19 | Build | Town Center |
| 22:20 | Create | Villager (Male) |
| 22:27 | Build | Town Center |
| 22:30 | Create | Villager (Male) |
| 22:38 | Build | Farm |
| 22:43 | Research | Squires |
| 22:43 | Create | Militia |
| 22:44 | Create | Militia |
| 22:49 | Create | Militia |
| 22:59 | Build | Farm |
| 23:28 | Research | Chain Mail Armor |
| 23:30 | Build | Siege Workshop |
| 23:33 | Create | Militia |
| 23:37 | Create | Militia |
| 23:37 | Create | Militia |
| 23:42 | Create | Militia |
| 23:48 | Create | Militia |
| 23:52 | Create | Militia |
| 24:13 | Create | Villager (Male) |
| 24:13 | Create | Villager (Male) |
Build order — timborooni
45 actions detected in the replay
| 0:17 | Research | Loom |
| 0:21 | Create | Villager (Male) |
| 0:23 | Create | Villager (Male) |
| 0:24 | Create | Villager (Male) |
| 1:37 | Build | House |
| 2:16 | Research | Loom |
| 3:16 | Create | Villager (Male) |
| 3:18 | Create | Villager (Male) |
| 3:53 | Build | Lumber Camp |
| 4:07 | Create | Villager (Male) |
| 5:19 | Build | House |
| 5:38 | Create | Villager (Male) |
| 5:38 | Create | Villager (Male) |
| 8:07 | Create | Villager (Male) |
| 8:07 | Create | Villager (Male) |
| 8:07 | Create | Villager (Male) |
| 8:19 | Build | House |
| 8:50 | Build | Mill |
| 9:16 | Build | Palisade Wall |
| 10:12 | Build | Barracks |
| 10:22 | Build | Palisade Wall |
| 10:45 | Build | House |
| 11:28 | Research | Feudal Age |
| 12:35 | Build | Palisade Wall |
| 12:46 | Age | Feudal Age |
| 13:07 | Research | Loom |
| 13:08 | Create | Villager (Male) |
| 13:10 | Create | Villager (Male) |
| 13:37 | Create | Villager (Male) |
| 15:47 | Create | Villager (Male) |
| 17:05 | Create | Villager (Male) |
| 17:33 | Build | Archery Range |
| 18:32 | Create | Villager (Male) |
| 18:49 | Create | Archer |
| 20:09 | Build | Lumber Camp |
| 22:11 | Create | Villager (Male) |
| 22:11 | Create | Villager (Male) |
| 23:10 | Build | Farm |
| 24:08 | Build | Farm |
| 25:07 | Build | Mill |
| 25:23 | Create | Villager (Male) |
| 26:59 | Create | Villager (Male) |
| 27:07 | Create | Villager (Male) |
| 27:29 | Build | House |
| 27:47 | Create | Villager (Male) |
Build order — Chebediah
117 actions detected in the replay
| 0:00 | Create | Villager (Male) |
| 0:01 | Create | Villager (Male) |
| 0:01 | Create | Villager (Male) |
| 0:01 | Create | Villager (Male) |
| 0:03 | Build | House |
| 0:04 | Build | House |
| 1:14 | Create | Villager (Male) |
| 1:54 | Build | Lumber Camp |
| 2:00 | Create | Villager (Male) |
| 2:00 | Create | Villager (Male) |
| 2:42 | Create | Villager (Male) |
| 3:06 | Create | Villager (Male) |
| 3:43 | Build | Mill |
| 3:56 | Create | Villager (Male) |
| 4:09 | Build | House |
| 4:36 | Create | Villager (Male) |
| 4:36 | Create | Villager (Male) |
| 4:58 | Build | House |
| 5:08 | Create | Villager (Male) |
| 5:22 | Create | Villager (Male) |
| 5:24 | Create | Villager (Male) |
| 6:40 | Create | Villager (Male) |
| 6:41 | Create | Villager (Male) |
| 7:29 | Create | Villager (Male) |
| 7:30 | Create | Villager (Male) |
| 8:02 | Build | Mining Camp |
| 8:25 | Research | Feudal Age |
| 9:04 | Build | Barracks |
| 9:09 | Build | House |
| 9:17 | Build | Palisade Wall |
| 9:49 | Build | Palisade Gate |
| 9:58 | Build | Palisade Gate |
| 10:10 | Create | Villager (Male) |
| 10:10 | Create | Villager (Male) |
| 10:12 | Create | Villager (Male) |
| 10:35 | Age | Feudal Age |
| 10:38 | Build | Stable |
| 11:42 | Create | Villager (Male) |
| 11:43 | Create | Villager (Male) |
| 11:58 | Create | Scout Cavalry |
| 11:58 | Create | Scout Cavalry |
| 12:05 | Build | Stone Wall |
| 12:15 | Create | Villager (Male) |
| 12:42 | Create | Scout Cavalry |
| 12:43 | Research | Bloodlines |
| 12:50 | Build | Farm |
| 12:50 | Build | Farm |
| 12:51 | Build | Farm |
| 12:52 | Build | Farm |
| 12:53 | Build | Farm |
| 12:54 | Build | Farm |
| 12:55 | Build | Farm |
| 13:05 | Build | House |
| 13:06 | Build | House |
| 13:28 | Create | Scout Cavalry |
| 13:41 | Build | Mining Camp |
| 13:43 | Create | Villager (Male) |
| 13:43 | Create | Villager (Male) |
| 13:46 | Build | Farm |
| 14:41 | Build | Farm |
| 14:41 | Build | Farm |
| 14:51 | Build | Farm |
| 14:55 | Build | Farm |
| 15:19 | Build | Stone Wall |
| 16:05 | Build | Watch Tower |
| 16:21 | Create | Villager (Male) |
| 16:30 | Build | House |
| 16:31 | Build | House |
| 16:33 | Build | House |
| 17:40 | Create | Villager (Male) |
| 17:42 | Research | Loom |
| 17:53 | Build | House |
| 17:55 | Build | House |
| 17:56 | Build | House |
| 17:58 | Build | House |
| 17:59 | Build | House |
| 18:32 | Build | Lumber Camp |
| 19:38 | Build | Market |
| 19:42 | Create | Villager (Male) |
| 19:49 | Create | Scout Cavalry |
| 19:50 | Create | Scout Cavalry |
| 20:47 | Build | Gate |
| 20:54 | Build | Stone Wall |
| 21:05 | Build | Stone Wall |
| 21:06 | Build | Stone Wall |
| 21:14 | Create | Scout Cavalry |
| 21:19 | Build | House |
| 21:21 | Build | House |
| 21:25 | Build | House |
| 21:28 | Research | Castle Age |
| 22:47 | Build | Farm |
| 22:48 | Build | Farm |
| 23:09 | Research | Double-Bit Axe |
| 23:30 | Build | Farm |
| 23:39 | Create | Villager (Male) |
| 23:39 | Create | Villager (Male) |
| 24:08 | Age | Castle Age |
| 24:11 | Build | Castle |
| 25:11 | Build | Stone Wall |
| 25:25 | Build | Farm |
| 25:47 | Build | Lumber Camp |
| 25:55 | Build | Farm |
| 25:56 | Build | Farm |
| 26:03 | Create | Villager (Male) |
| 26:03 | Create | Villager (Male) |
| 26:20 | Build | Farm |
| 26:34 | Build | Stable |
| 27:03 | Build | Farm |
| 27:17 | Build | Barracks |
| 27:22 | Create | Villager (Male) |
| 27:22 | Create | Villager (Male) |
| 27:23 | Create | Villager (Male) |
| 27:23 | Create | Villager (Male) |
| 28:00 | Create | Villager (Male) |
| 28:00 | Create | Villager (Male) |
| 28:34 | Build | Farm |
| 28:35 | Build | Farm |
Build order — 4:20 PoISoN MxC
First 150 of 171 actions detected
| 0:22 | Build | House |
| 0:25 | Research | Loom |
| 0:25 | Create | Villager (Male) |
| 0:26 | Create | Villager (Male) |
| 0:40 | Create | Villager (Male) |
| 1:04 | Build | House |
| 1:05 | Build | House |
| 1:06 | Build | House |
| 1:55 | Create | Villager (Male) |
| 2:08 | Build | Palisade Wall |
| 2:17 | Create | Villager (Male) |
| 2:41 | Build | Palisade Wall |
| 2:49 | Create | Villager (Male) |
| 3:25 | Create | Villager (Male) |
| 3:26 | Create | Villager (Male) |
| 3:26 | Create | Villager (Male) |
| 4:02 | Build | House |
| 4:19 | Create | Villager (Male) |
| 4:19 | Create | Villager (Male) |
| 4:54 | Build | Mill |
| 5:01 | Create | Villager (Male) |
| 5:29 | Create | Villager (Male) |
| 5:30 | Create | Villager (Male) |
| 5:52 | Create | Villager (Male) |
| 5:53 | Create | Villager (Male) |
| 5:53 | Create | Villager (Male) |
| 6:14 | Build | Lumber Camp |
| 6:27 | Build | Lumber Camp |
| 6:32 | Create | Villager (Male) |
| 7:47 | Create | Villager (Male) |
| 8:26 | Create | Villager (Male) |
| 8:26 | Create | Villager (Male) |
| 8:34 | Build | Mill |
| 9:02 | Create | Villager (Male) |
| 9:03 | Create | Villager (Male) |
| 9:49 | Build | Mining Camp |
| 10:01 | Build | Barracks |
| 10:12 | Research | Feudal Age |
| 10:59 | Build | Barracks |
| 11:05 | Create | Militia |
| 11:17 | Build | Mining Camp |
| 11:28 | Create | Militia |
| 11:45 | Build | House |
| 11:59 | Create | Militia |
| 12:02 | Create | Militia |
| 12:11 | Build | House |
| 12:13 | Build | House |
| 12:22 | Age | Feudal Age |
| 12:24 | Create | Villager (Male) |
| 12:26 | Research | Double-Bit Axe |
| 12:29 | Research | Man-at-Arms (upgrade) |
| 12:32 | Create | Spearman |
| 12:32 | Create | Spearman |
| 12:46 | Build | Blacksmith |
| 12:53 | Research | Arson |
| 13:03 | Create | Villager (Male) |
| 13:03 | Create | Villager (Male) |
| 13:14 | Create | Spearman |
| 13:28 | Build | Farm |
| 13:31 | Build | Farm |
| 13:44 | Create | Spearman |
| 13:45 | Create | Militia |
| 14:05 | Create | Spearman |
| 14:05 | Create | Spearman |
| 14:12 | Create | Villager (Male) |
| 14:13 | Create | Villager (Male) |
| 14:18 | Build | Farm |
| 14:18 | Build | Farm |
| 14:25 | Create | Villager (Male) |
| 14:37 | Build | Watch Tower |
| 14:56 | Create | Militia |
| 14:57 | Create | Spearman |
| 15:21 | Build | Farm |
| 15:22 | Build | Farm |
| 15:24 | Build | Farm |
| 15:26 | Create | Villager (Male) |
| 15:27 | Create | Villager (Male) |
| 16:25 | Create | Villager (Male) |
| 16:29 | Research | Wheelbarrow |
| 16:35 | Build | House |
| 16:36 | Build | House |
| 16:43 | Build | House |
| 16:43 | Build | House |
| 16:44 | Build | House |
| 16:44 | Build | House |
| 16:44 | Build | House |
| 16:45 | Build | House |
| 16:45 | Build | House |
| 17:40 | Create | Spearman |
| 17:41 | Create | Spearman |
| 17:41 | Create | Militia |
| 17:41 | Create | Militia |
| 17:41 | Create | Militia |
| 17:42 | Create | Militia |
| 17:42 | Create | Militia |
| 17:42 | Create | Militia |
| 18:00 | Build | Mill |
| 18:03 | Create | Villager (Male) |
| 18:04 | Create | Villager (Male) |
| 18:04 | Create | Villager (Male) |
| 18:11 | Build | House |
| 18:12 | Build | House |
| 18:12 | Build | House |
| 18:13 | Build | House |
| 18:20 | Build | Stone Wall |
| 18:52 | Create | Spearman |
| 18:52 | Create | Militia |
| 18:53 | Create | Militia |
| 18:53 | Create | Militia |
| 19:22 | Build | House |
| 19:23 | Build | House |
| 19:27 | Build | Stone Wall |
| 19:34 | Create | Villager (Male) |
| 19:34 | Create | Villager (Male) |
| 19:39 | Build | Farm |
| 19:41 | Build | Farm |
| 19:42 | Build | Farm |
| 19:44 | Build | Farm |
| 19:45 | Build | Farm |
| 20:19 | Build | Watch Tower |
| 21:03 | Create | Villager (Male) |
| 21:03 | Create | Villager (Male) |
| 21:04 | Create | Villager (Male) |
| 21:07 | Build | House |
| 21:08 | Build | House |
| 21:09 | Build | House |
| 21:10 | Build | House |
| 21:11 | Build | House |
| 21:20 | Build | House |
| 21:24 | Build | Stone Wall |
| 21:34 | Create | Villager (Male) |
| 22:21 | Build | Stone Wall |
| 22:24 | Build | Gate |
| 22:30 | Build | Lumber Camp |
| 22:36 | Build | Farm |
| 22:36 | Build | Farm |
| 22:37 | Build | Farm |
| 22:38 | Build | Farm |
| 22:41 | Create | Villager (Male) |
| 22:41 | Create | Villager (Male) |
| 23:06 | Build | Watch Tower |
| 23:13 | Create | Militia |
| 23:14 | Create | Militia |
| 23:14 | Create | Militia |
| 23:14 | Create | Militia |
| 23:18 | Create | Spearman |
| 23:18 | Create | Spearman |
| 23:25 | Research | Forging |
| 23:29 | Create | Villager (Male) |
| 23:29 | Create | Villager (Male) |
Match timeline
| 2:08 | 4:20 PoISoN MxC · wall_segment Palisade Wall x1 |
| 2:41 | 4:20 PoISoN MxC · wall_segment Palisade Wall x5 |
| 8:13 | Ngak · first_building Barracks |
| 8:27 | Ngak · wall_segment Palisade Wall x10 |
| 9:04 | Chebediah · first_building Barracks |
| 9:16 | timborooni · wall_segment Palisade Wall x7 |
| 9:17 | Chebediah · wall_segment Palisade Wall x14 |
| 9:52 | Ngak · age_up feudal |
| 10:01 | 4:20 PoISoN MxC · first_building Barracks |
| 10:12 | timborooni · first_building Barracks |
| 10:22 | timborooni · wall_segment Palisade Wall x1 |
| 10:35 | Chebediah · age_up feudal |
| 10:38 | Chebediah · first_building Stable |
| 12:05 | Chebediah · wall_segment Stone Wall x4 |
| 12:22 | 4:20 PoISoN MxC · age_up feudal |
| 12:35 | timborooni · wall_segment Palisade Wall x1 |
| 12:46 | timborooni · age_up feudal |
| 15:19 | Chebediah · wall_segment Stone Wall x5 |
| 17:33 | timborooni · first_building Archery Range |
| 18:15 | Ngak · wall_segment Palisade Wall x5 |
| 18:20 | 4:20 PoISoN MxC · wall_segment Stone Wall x1 |
| 19:27 | 4:20 PoISoN MxC · wall_segment Stone Wall x1 |
| 20:54 | Chebediah · wall_segment Stone Wall x12 |
| 21:05 | Chebediah · wall_segment Stone Wall x3 |
| 21:06 | Chebediah · wall_segment Stone Wall x2 |
| 21:24 | 4:20 PoISoN MxC · wall_segment Stone Wall x1 |
| 22:16 | Ngak · age_up castle |
| 22:21 | 4:20 PoISoN MxC · wall_segment Stone Wall x5 |
| 22:55 | Ngak · first_market_buy 100 wood |
| 23:30 | Ngak · first_building Siege Workshop |
| 24:08 | Chebediah · age_up castle |
| 24:11 | Chebediah · first_building Castle |
| 25:11 | Chebediah · wall_segment Stone Wall x3 |
| 28:43 | Ngak · tribute_sent a jugador 1 |
| 28:43 | Ngak · tribute_sent a jugador 2 |
| 28:43 | Ngak · tribute_sent a jugador 3 |
| 28:46 | 4:20 PoISoN MxC · resign |
[ AI ANALYSIS · 1 CREDIT ]
What really happened in this match?
Wolo.gg analyzes every decision: build order, eco, micro, common mistakes by bracket. Personalized analysis on WhatsApp or Discord in 30 seconds.
Civ guide
Romans
Map guide
Arabia
Perfil
Jugador #590438